 Dungeon Crawl Stone Soup version 0.18-a0-1577-gf591c28 (webtiles) character file.

284518 George the Executioner (level 19, -6/207 HPs)
             Began as a Minotaur Gladiator on Mar 22, 2016.
             Was the Champion of Makhleb.
             Killed by divine providence
             ... invoked by a deep elf high priest
              (11 damage)
             ... on level 3 of the Elven Halls.
             The game lasted 01:45:34 (33182 turns).

George the Executioner (Minotaur Gladiator)        Turns: 33182, Time: 01:45:34

Health: -6/207     AC: 26    Str: 41    XL:     19   Next: 78%
Magic:  30/30      EV: 18    Int:  6    God:    Makhleb [******]
Gold:   1921       SH:  2    Dex: 19    Spells: 1 memorised, 16 levels left

rFire  + . .     SeeInvis .     a - +0 executioner's axe (chop)
rCold  + + +     Gourm    .     V - +1 chain mail {rF+}
rNeg   + . .     Faith    .     (shield currently unavailable)
rPois  +         Spirit   .     (helmet unavailable)
rElec  +         Dismiss  .     k - +0 cloak "Kisyas" {Str+2 Dex+6}
rCorr  .         Reflect  .     f - +2 pair of gloves {Str+3}
SustAt .         Harm     .     x - +0 pair of boots of Pandemonium {rPois MR- Str+4}
MR     .....                    Y - amulet of regeneration
Stlth  ..........               r - ring of Peefer {rElec rC+++ MR- Str+4 Int+3}
                                n - ring of positive energy

@: not resistant to hostile enchantments, extremely unstealthy
A: retaliatory headbutt, horns 3, large bone plates 1, rugged brown scales 1,
dopey 1, robust 1, strong 1
a: Minor Destruction, Lesser Servant of Makhleb, Major Destruction, Greater
Servant of Makhleb, Renounce Religion
}: 2/15 runes: decaying, serpentine


You were on level 3 of the Elven Halls.
You worshipped Makhleb.
Makhleb was exalted by your worship.
You were hungry.

You visited 7 branches of the dungeon, and saw 37 of its levels.
You visited 1 bazaar.
You also visited: Labyrinth, Sewer and Ice Cave.

You collected 3560 gold pieces.
You spent 1639 gold pieces at shops.

Inventory:

Hand Weapons
 a - a +0 executioner's axe of chopping (weapon)
 b - a +2 hand axe of flaming
Missiles
 d - 5 throwing nets (quivered)
 z - 4 javelins of penetration
Armour
 f - a +2 pair of gloves of strength (worn)
 k - the +0 cloak "Kisyas" (worn) {Str+2 Dex+6}
   (You acquired it on level 1 of the Orcish Mines)

   It affects your strength (+2).
   It affects your dexterity (+6).
 l - a +1 pair of boots
 x - the +0 pair of boots of Pandemonium (worn) {rPois MR- Str+4}
   (You found it on level 2 of the Elven Halls)

   It affects your strength (+4).
   It protects you from poison.
   It affects your resistance to hostile enchantments.
 V - a +1 chain mail of fire resistance (worn)
Jewellery
 c - a +3 ring of slaying
 n - a ring of positive energy (left hand)
 r - the ring of Peefer (right hand) {rElec rC+++ MR- Str+4 Int+3}
   (You found it in a labyrinth)

   [ring of strength]

   It affects your strength (+4).
   It affects your intelligence (+3).
   It renders you almost immune to cold.
   It insulates you from electricity.
   It affects your resistance to hostile enchantments.
 v - an uncursed ring of see invisible
 y - an uncursed ring of poison resistance
 G - an uncursed ring of flight
 I - an uncursed ring of resist corrosion
 Y - an amulet of regeneration (around neck)
Wands
 e - a wand of digging (16/24)
 B - a wand of teleportation (6/9)
 F - a wand of disintegration (13/24)
 Q - a wand of acid (14/15)
 R - a wand of heal wounds (3/9)
Scrolls
 g - a scroll of summoning
 w - 2 scrolls of magic mapping
 A - 7 scrolls of recharging
 D - 12 scrolls of remove curse
 M - 20 scrolls of identify
 N - 4 scrolls of blinking
 P - 8 scrolls of teleportation
 S - 3 scrolls of immolation
 U - 5 scrolls of enchant weapon
 W - 6 scrolls of fog
 Z - 6 scrolls of enchant armour
Potions
 h - 10 potions of curing
 i - 4 potions of cure mutation
 j - 2 potions of agility
 m - a potion of resistance
 o - 3 potions of invisibility
 s - 5 potions of might
 t - 3 potions of mutation
 H - a potion of cancellation
 K - a potion of berserk rage
 T - 3 potions of haste
Miscellaneous
 L - a lamp of fire
Comestibles
 p - 11 slices of pizza
 q - 14 meat rations
 u - 13 beef jerkies
 C - 35 fruits
 E - 14 bread rations
 O - 3 royal jellies


   Skills:
 + Level 19.8 Fighting
 + Level 21.8 Axes
 - Level 2.0 Throwing
 + Level 19.0 Armour
 + Level 10.2 Dodging
 + Level 16.6 Invocations


You had 16 spell levels left.
You knew the following spells:

 Your Spells              Type           Power        Failure   Level  Hunger
a - Blink                 Tloc           N/A          98%         2    ###....


Dungeon Overview and Level Annotations

Branches:
Dungeon (15/15)            Temple (1/1) D:6            Lair (8/8) D:10
  Swamp (4/4) Lair:4        Snake (4/4) Lair:4        Slime (0/6) Lair:6
    Orc (2/2) D:11            Elf (3/3) Orc:2        Vaults (0/5) D:13
 Depths (0/5) D:15

Altars:
Ashenzari
Cheibriados
Dithmenos
Elyvilon
Fedhas
Gozag
Kikubaaqudgha
Makhleb
Nemelex Xobeh
Okawaru
Pakellas
Qazlal
Ru
Sif Muna
Trog
Vehumet
Xom
Yredelemnul
Zin
The Shining One
Jiyva

Shops:
D:8 [   Orc:1 ?   Orc:2 }}(%   Elf:2 *   Snake:4 %

Annotations:
Elf:3 1 exclusion


Innate Abilities, Weirdness & Mutations

You reflexively headbutt those who attack you in melee.
You have a pair of large horns on your head.
You are partially covered in large bone plates (AC +2, SH +2).
You are partially covered in rugged brown scales (AC +1, +3% HP).
You are dopey. (Int -2)
You are robust (+10% HP).
Your muscles are strong. (Str +2)


Message History

* * * LOW HITPOINT WARNING * * *
The deep elf master archer wields a longbow.
The deep elf master archer shoots an arrow of frost.
The arrow of frost hits you!
* * * LOW HITPOINT WARNING * * *
Drink which item? (? for menu, Esc to quit)
You feel better.
You block the deep elf death mage's attack.
The deep elf sorcerer hits you but does no damage.
The deep elf demonologist casts a spell.
The deep elf annihilator casts a spell at you.
The crystal spear misses you.
The deep elf master archer shoots an arrow of frost.
The arrow of frost barely misses you.
The deep elf annihilator points at you and mumbles some strange words.
The iron shot hits you!
* * * LOW HITPOINT WARNING * * *
The deep elf high priest invokes the aid of its god against you.
Something smites you!
You die...

#.# #.#* #..* ##.* *)####
*....##* ###......***
#####.(......,,**
##....@e......,,,**
**#....e.e......,,,,**
*#.......ee2e....,,,,,**
#.......e........,,,,,,*
*#................⌠,,,,,**
**.................,,,,,,,*
*,.........###.....,,,,,,,**
*,.......### *##...,,,,,,,,*
*,......#* **,,,,,,,,,,*


You could see a reaper, a deep elf master archer, 2 deep elf annihilators, a
deep elf death mage, a deep elf sorcerer, a deep elf demonologist and a deep elf
high priest.

Vanquished Creatures
  Saint Roka (Snake:4)
  Nikola (Swamp:4)
  Jorgrun (Swamp:2)
  Rupert (Orc:2)
  A deep elf blademaster (Elf:2)
  Gastronok (Lair:1)
  A thorn hunter (Swamp:3)
  A frost giant (D:15)
  6 greater nagas (Snake:4)
  A deep elf sorcerer (Elf:2)
  2 deep elf elementalists
  Aizul (Snake:3)
  The ghost of Chiseanne the Ninja, an adept SpAs of Gozag (Elf:3)
  A very ugly thing (Swamp:3)
  2 deep elf annihilators (Elf:3)
  Azrael (D:13)
  2 blizzard demons (IceCv)
  An ettin (Orc:1)
  A vault guard (D:13)
  2 deep elf death magi (Elf:3)
  A minotaur (Lab)
  2 deep elf high priests (Elf:3)
  28 hydras
  18 naga warriors
  A death knight (D:14)
  3 catoblepae (Lair:8)
  2 ghost crabs
  27 dancing weapons
  16 anacondas
  19 death yaks
  3 centaur warriors
  8 alligators
  14 naga sharpshooters
  A tengu warrior (D:14)
  4 orc high priests
  13 shock serpents
  4 spriggans
  17 deep elf knights
  A shadow wraith (D:13)
  A skeletal warrior (D:14)
  4 spriggan druids (Swamp:4)
  7 wizards (D:13)
  7 salamander mystics
  6 deep elf archers
  A sea snake (Snake:1)
  4 unseen horrors
  14 swamp dragons
  3 hill giants
  5 naga ritualists
  2 shambling mangroves
  4 lindwurms (Snake:4)
  16 mana vipers
  8 ugly things
  2 cyclopes
  29 deep elf magi
  7 orc knights (Orc:2)
  An oklob plant (Lair:3)
  5 hornets
  3 manticores (D:12)
  3 griffons
  5 orc sorcerers
  6 salamanders
  7 guardian serpents
  Joseph (D:10)
  8 elephants (Lair:7)
  34 black mambas
  23 naga magi
  2 gargoyles
  An ice statue (IceCv)
  20 spiny frogs
  A centaur skeleton (D:15)
  5 orange demons (D:12)
  A yaktaur (D:15)
  5 freezing wraiths
  An anaconda simulacrum (IceCv)
  13 komodo dragons
  The ghost of Uhlv the Shield-Bearer, a novice GrFi of Okawaru (D:6)
  A kobold demonologist (D:12)
  6 rime drakes
  5 ice devils (IceCv)
  2 golden dragon simulacra (IceCv)
  A tengu conjurer (D:14)
  5 giant leeches
  A polar bear (Lair:3)
  6 trolls
  2 wolf spider simulacra (IceCv)
  Grinder (D:6)
  6 bog bodies
  4 two-headed ogres
  2 boulder beetles
  31 blink frogs
  32 slime creatures
  2 air elementals
  Sigmund (D:5)
  A vampire (D:14)
  3 shadows
  33 yaks
  3 dire elephant simulacra (IceCv)
  2 water elementals
  3 wyverns
  5 fire elementals
  A hog (D:8)
  6 basilisks
  3 wraiths
  A human (D:8)
  2 hungry ghosts (D:8)
  A mottled dragon (D:13)
  10 hippogriffs
  25 vampire mosquitoes
  3 iron troll simulacra (IceCv)
  43 nagas
  4 hydra simulacra (IceCv)
  6 wargs
  13 insubstantial wisps
  2 harpy simulacra (IceCv)
  29 swamp worms
  A hell hound (D:13)
  23 water moccasins
  8 porcupines
  10 swamp drakes
  2 phantoms
  5 ice beasts
  5 sky beasts
  7 wasps
  30 orc warriors
  A black bear (D:11)
  A necrophage (D:11)
  13 wolves
  7 ogres
  6 centaurs
  15 crocodiles
  3 big kobolds
  18 giant frogs
  6 earth elementals
  A wyvern zombie (D:8)
  6 scorpions
  A water moccasin skeleton (D:6)
  13 killer bees
  A troll skeleton (Lab)
  7 electric eels
  4 howler monkeys
  2 spriggan skeletons (Lab)
  6 crimson imps
  5 centaur zombies
  A giant frog zombie (D:7)
  6 hounds
  2 draconian simulacra (IceCv)
  14 orc priests
  22 orc wizards
  3 jellies
  A giant frog skeleton (D:8)
  Ijyb (D:2)
  Terence (D:3)
  16 iguanas
  3 troll simulacra (IceCv)
  14 worker ants
  A polar bear simulacrum (IceCv)
  A spriggan simulacrum (IceCv)
  21 sheep
  2 wolf simulacra (IceCv)
  3 centaur simulacra (IceCv)
  An ogre skeleton (Lab)
  A worker ant zombie (D:7)
  A howler monkey skeleton (D:4)
  10 gnolls
  3 naga simulacra (IceCv)
  21 adders
  82 river rats
  4 shadow imps
  17 white imps
  4 ufetubi (IceCv)
  6 oozes
  7 worms
  2 dart slugs
  3 giant geckos
  97 orcs
  8 giant cockroaches
  6 goblins
  5 hobgoblins
  18 jackals
  9 quokkas
  6 ball pythons
  3 bats
  7 giant newts
  19 kobolds
  A quokka zombie (D:7)
  9 rats
  10 fungi
  11 plants
1474 creatures vanquished.

Vanquished Creatures (others)
  A vampire mosquito (Swamp:2)
  3 fungi
  2 plants
  5 toadstools (D:1)
11 creatures vanquished.

Grand Total: 1485 creatures vanquished

Notes
Turn   | Place    | Note
--------------------------------------------------------------
     0 | D:1      | George the Minotaur Gladiator began the quest for the Orb.
     0 | D:1      | Reached XP level 1. HP: 18/18 MP: 0/0
   146 | D:1      | Reached skill level 4 in Axes
   225 | D:1      | Reached XP level 2. HP: 25/25 MP: 1/1
   514 | D:2      | Reached skill level 5 in Axes
   607 | D:2      | Reached XP level 3. HP: 26/30 MP: 2/2
   954 | D:2      | Noticed Ijyb
   966 | D:2      | Killed Ijyb
   985 | D:2      | Reached skill level 6 in Axes
   985 | D:2      | Reached XP level 4. HP: 16/37 MP: 3/3
  1524 | D:3      | Reached skill level 7 in Axes
  1524 | D:3      | Reached XP level 5. HP: 17/42 MP: 4/4
  1598 | D:3      | Found a glowing drain.
  1598 | D:3      | Noticed Terence
  1611 | D:3      | Killed Terence
  1648 | D:3      | Reached skill level 8 in Axes
  1655 | Sewer    | Entered a sewer
  1831 | Sewer    | Reached XP level 6. HP: 45/50 MP: 5/5
  2224 | Sewer    | Reached skill level 9 in Axes
  2343 | Sewer    | Gained mutation: Your muscles are strong. (Str +2) [potion of mutation]
  2343 | Sewer    | Gained mutation: You are partially covered in rugged brown scales (AC +1, +3% HP). [potion of mutation]
  2343 | Sewer    | Gained mutation: You tend to lose your temper in combat. [potion of mutation]
  2452 | D:3      | Found a glowing golden altar of the Shining One.
  2454 | D:3      | Noticed an angel
  2668 | D:3      | Found a basalt altar of Yredelemnul.
  2676 | D:3      | Noticed a profane servitor
  2904 | D:4      | Reached XP level 7. HP: 51/57 MP: 6/6
  3434 | D:4      | Reached skill level 10 in Axes
  3669 | D:5      | Entered Level 5 of the Dungeon
  3861 | D:5      | Reached skill level 11 in Axes
  3981 | D:5      | Noticed Sigmund
  3989 | D:5      | Killed Sigmund
  3989 | D:5      | Reached XP level 8. HP: 56/63 MP: 7/7
  4258 | D:6      | Noticed Uhlv's ghost (novice GrFi)
  4502 | D:6      | Reached skill level 12 in Axes
  4528 | D:6      | Found an oddly glowing altar of Pakellas.
  4528 | D:6      | Found a stormy altar of Qazlal.
  4550 | D:6      | Found a deep blue altar of Sif Muna.
  4550 | D:6      | Found a sparkling altar of Nemelex Xobeh.
  4636 | D:6      | Noticed Grinder
  4729 | D:6      | Found a staircase to the Ecumenical Temple.
  4755 | Temple   | Entered the Ecumenical Temple
  4799 | Temple   | Became a worshipper of Makhleb the Destroyer
  4888 | D:6      | Paralysed by Grinder for 5 turns
  4900 | D:6      | HP: 3/63 [Grinder/nerve-wracking pain (12)]
  4920 | D:6      | Killed Grinder
  4920 | D:6      | Reached skill level 1 in Armour
  4920 | D:6      | Reached skill level 1 in Invocations
  5127 | D:6      | Killed Uhlv's ghost
  5127 | D:6      | Reached XP level 9. HP: 53/73 MP: 9/9
  5269 | D:7      | Reached skill level 13 in Axes
  5399 | D:7      | Reached * piety under Makhleb
  5471 | D:7      | Reached skill level 5 in Fighting
  5499 | D:6      | Found a shadowy altar of Dithmenos.
  6279 | D:8      | Found Eqaar's Armour Boutique.
  6334 | D:8      | Reached skill level 5 in Armour
  6395 | D:8      | Reached ** piety under Makhleb
  6577 | D:9      | Reached XP level 10. HP: 80/86 MP: 12/12
  6898 | D:9      | Reached skill level 5 in Invocations
  7073 | D:9      | Reached skill level 14 in Axes
  7152 | D:9      | Reached *** piety under Makhleb
  7164 | D:9      | Gained mutation: You have a pair of large horns on your head. [mutagenic meat]
  7166 | D:9      | Lost mutation: You tend to lose your temper in combat. [mutagenic meat]
  7167 | D:9      | Gained mutation: You are dopey. (Int -2) [mutagenic meat]
  7168 | D:9      | Gained mutation: You are robust (+10% HP). [mutagenic meat]
  7509 | D:10     | Entered Level 10 of the Dungeon
  7555 | D:10     | Found a staircase to the Lair.
  7671 | D:10     | Noticed Joseph
  7686 | D:10     | Killed Joseph
  8247 | D:11     | Reached **** piety under Makhleb
  8372 | D:11     | Found a staircase to the Orcish Mines.
  8406 | D:11     | Reached XP level 11. HP: 107/107 MP: 14/14
  8440 | D:11     | Killed an unseen horror
  8455 | D:11     | Identified a scroll of acquirement
  8795 | D:11     | Noticed a hill giant
  8800 | D:11     | Killed a hill giant
  8964 | D:12     | Noticed a six-headed hydra
  8977 | D:12     | Killed a one-headed hydra
  8977 | D:12     | Reached ***** piety under Makhleb
  9275 | D:12     | Reached skill level 15 in Axes
  9321 | D:12     | Noticed a centaur warrior
  9329 | D:12     | Killed a centaur warrior
  9600 | D:12     | Reached skill level 10 in Fighting
 10508 | D:12     | Reached XP level 12. HP: 77/120 MP: 17/17
 10635 | Lair:1   | Entered Level 1 of the Lair of Beasts
 10688 | Lair:1   | Noticed a four-headed hydra
 10694 | Lair:1   | Killed a one-headed hydra
 10694 | Lair:1   | Reached skill level 10 in Armour
 11002 | Lair:1   | Noticed Gastronok
 11014 | Lair:1   | Killed Gastronok
 12178 | Lair:3   | Reached skill level 16 in Axes
 12565 | Lair:3   | Reached ****** piety under Makhleb
 12844 | Lair:4   | Found a staircase to the Snake Pit.
 13034 | Lair:4   | Reached XP level 13. HP: 116/133 MP: 19/19
 13038 | Lair:4   | Reached skill level 10 in Invocations
 14073 | Lair:4   | Found a staircase to the Swamp.
 15643 | Lair:6   | Found a viscous altar of Jiyva.
 15644 | Lair:6   | Found a staircase to the Slime Pits.
 15706 | Lair:6   | Reached skill level 17 in Axes
 15891 | Lair:6   | Found a stormy altar of Qazlal.
 16345 | Lair:7   | Found a labyrinth entrance.
 16355 | Lab      | Entered a labyrinth
 16554 | Lab      | Noticed a minotaur
 16561 | Lab      | Killed a minotaur
 16565 | Lab      | Got a scorched wooden ring
 16570 | Lab      | Identified the ring of Peefer {rElec rC+++ MR- Str+4 Int+3} (You found it in a labyrinth)
 16571 | Lab      | Identified a +6 rod of inaccuracy (5/13) (You took it off a minotaur in a labyrinth)
 16762 | Lair:7   | Reached XP level 14. HP: 145/145 MP: 21/21
 16783 | Lair:7   | Gained mutation: You are partially covered in large bone plates (AC +2, SH +2). [potion of beneficial mutation]
 17474 | Lair:8   | Entered Level 8 of the Lair of Beasts
 18125 | Lair:8   | Reached skill level 18 in Axes
 18590 | Orc:1    | Entered Level 1 of the Orcish Mines
 18825 | Orc:1    | Reached XP level 15. HP: 157/157 MP: 23/23
 18837 | Orc:1    | Found Rihim's Magic Scroll Boutique.
 18953 | Orc:1    | Found a bloodstained altar of Trog.
 19177 | Orc:2    | Entered Level 2 of the Orcish Mines
 19202 | Orc:2    | Found a staircase to the Elven Halls.
 19229 | Orc:2    | Noticed Rupert
 19243 | Orc:2    | Killed Rupert
 19426 | Orc:2    | Reached skill level 15 in Fighting
 19634 | Orc:2    | Found Ucsost's Gadget Shop.
 19634 | Orc:2    | Found Vyirysa's Food Shoppe.
 19636 | Orc:2    | Found Kuqe's Antique Weapon Shoppe.
 19636 | Orc:2    | Found Eluz's Gadget Shop.
 19919 | Orc:2    | Bought a wand of heal wounds (3/9) for 546 gold pieces
 19974 | Orc:1    | Bought a scroll of acquirement for 624 gold pieces
 19976 | Orc:1    | Got a distressingly furry cloak
 19987 | Orc:1    | Identified the +0 cloak "Kisyas" {Str+2 Dex+6} (You acquired it on level 1 of the Orcish Mines)
 20245 | D:13     | Paralysed by a wizard for 5 turns
 20673 | D:13     | Reached skill level 15 in Armour
 20762 | D:13     | Noticed Azrael
 20770 | D:13     | Killed Azrael
 20889 | D:13     | Found a gate to the Vaults.
 21631 | D:14     | Reached skill level 19 in Axes
 21721 | D:15     | Entered Level 15 of the Dungeon
 21913 | D:15     | Found a burning altar of Makhleb.
 21998 | D:15     | Noticed a frost giant
 22006 | D:15     | Found a staircase to the Depths.
 22018 | D:15     | Killed a frost giant
 22222 | D:15     | Reached XP level 16. HP: 157/170 MP: 25/25
 22338 | D:15     | Found a white marble altar of Elyvilon.
 22735 | Swamp:1  | Entered Level 1 of the Swamp
 22735 | Swamp:1  | Found a frozen archway.
 22763 | IceCv    | Entered an ice cave
 23882 | Swamp:2  | Noticed Jorgrun
 23904 | Swamp:2  | Killed Jorgrun
 24524 | Swamp:3  | Noticed a thorn hunter
 24533 | Swamp:3  | Killed a thorn hunter
 25239 | Swamp:4  | Entered Level 4 of the Swamp
 25310 | Swamp:4  | Reached XP level 17. HP: 181/181 MP: 26/26
 25324 | Swamp:4  | Reached skill level 20 in Axes
 25359 | Swamp:4  | Noticed Nikola
 25374 | Swamp:4  | Killed Nikola
 25608 | Swamp:4  | Got a decaying rune of Zot
 26093 | Snake:1  | Entered Level 1 of the Snake Pit
 26451 | Snake:1  | Reached skill level 15 in Invocations
 26682 | Snake:1  | Got a bloodstained war axe
 26683 | Snake:1  | Identified the +8 war axe of the Equinox {chop, *Rage rN+ Str+2} (You found it on level 1 of the Snake Pit)
 26948 | Snake:1  | Reached skill level 5 in Dodging
 28197 | Snake:3  | Reached XP level 18. HP: 191/194 MP: 28/28
 28438 | Snake:3  | Noticed Aizul
 28449 | Snake:3  | Killed Aizul
 28898 | Snake:4  | Entered Level 4 of the Snake Pit
 28957 | Snake:4  | Noticed Saint Roka
 28974 | Snake:4  | Killed Saint Roka
 29031 | Snake:4  | Found Heraa's Food Shoppe.
 29688 | Snake:4  | Reached skill level 21 in Axes
 30425 | Snake:4  | Reached XP level 19. HP: 184/205 MP: 14/30
 30443 | Snake:4  | Got a serpentine rune of Zot
 30848 | Elf:1    | Entered Level 1 of the Elven Halls
 31663 | Elf:2    | Found Lineh's General Store.
 31944 | Elf:2    | Learned a level 2 spell: Blink
 31995 | Elf:2    | Got a pair of heavily runed boots
 32006 | Elf:2    | Identified the +0 pair of boots of Pandemonium {rPois MR- Str+4} (You found it on level 2 of the Elven Halls)
 32020 | Elf:2    | Found a runed gate.
 32020 | Elf:2    | Found a runed gate.
 32030 | Elf:2    | Found a runed gate.
 32661 | Elf:3    | Entered Level 3 of the Elven Halls
 32719 | Elf:3    | Reached skill level 10 in Dodging
 32725 | Elf:3    | Found a flickering gateway to a bazaar.
 32786 | Bazaar   | Entered a bazaar
 32788 | Bazaar   | Found Estis's Magic Scroll Emporium.
 32798 | Bazaar   | Found Ogatypsy's Weapon Emporium.
 32802 | Bazaar   | Found Mestoipsi's Magic Scroll Emporium.
 32809 | Bazaar   | Found Hoick's Food Shop.
 32814 | Bazaar   | Found Ezuoplit's Weapon Emporium.
 32843 | Bazaar   | Bought a scroll of enchant armour for 67 gold pieces
 32843 | Bazaar   | Bought a scroll of blinking for 67 gold pieces
 32843 | Bazaar   | Bought a scroll of enchant armour for 67 gold pieces
 32856 | Bazaar   | Bought a scroll of enchant weapon for 82 gold pieces
 32856 | Bazaar   | Bought a scroll of recharging for 104 gold pieces
 32856 | Bazaar   | Bought a scroll of blinking for 82 gold pieces
 33026 | Elf:3    | Noticed Chiseanne's ghost (adept SpAs)
 33059 | Elf:3    | Killed Chiseanne's ghost
 33181 | Elf:3    | HP: 9/207 [deep elf master archer/arrow of frost (13)]
 33182 | Elf:3    | Killed from afar by a deep elf high priest

Vault maps used:
D:1:      ldierk_walled_garden
D:2:      uniq_iyjb
D:3:      grunt_temple_overflow_holy_war, gup_sewer_entry_glass, uniq_terence
D:4:      first_bread, hangedman_decor_opposing
D:5:      serial_glass, glass_columns_b, glass_columns_a, glass_columns_c,
          glass_columns_c, glass_columns_c, glass_columns_b, uniq_sigmund
D:6:      nicolae_overflow_hidden_temple, temple_fountains, uniq_grinder
D:8:      serial_shops, shop, grunt_livestock, serial_park_tiny_pond
D:9:      kennysheep_generic_room_7
D:10:     lemuel_upstairs_altar, lair_0_dummy, nrook_pool_corridor,
          nicolae_two_hexagons, uniq_joseph
D:11:     orc_0_dummy
D:12:     minivault_23, grunt_ministairs_8, einodemon_barbed_minivault
D:13:     minmay_wizard_corner, david_vaults_4, corexii_leaking_fountain,
          uniq_azrael
D:14:     grunt_decor_arrowhead
D:15:     grunt_enter_depths_snipers, elyvilon_altar_4,
          hangedman_decor_slide_cut, minmay_misc_feat_roman, hex_medium,
          statue_in_the_mist_lemuel, makhleb_altar_promises_db
Temple:   nicolae_temple_god_jail
Lair:1:   minivault_19, serial_bayou_pond_d, uniq_gastronok
Lair:2:   beast_lair_carwin_2, infiniplex_staircase_pool_2, lemuel_fruit_tree,
          lemuel_fruit_fields
Lair:3:   minmay_lair_oklob_items, infiniplex_staircase_pool
Lair:4:   nicolae_swamp_entry_splash_gauntlet, guppyfry_snake_entry_island,
          small_statue_intersection
Lair:5:   nicolae_quartered_pool_super, serial_bayou_pond_e, grunt_megastairs_5
Lair:6:   slime_altar_1, basic_altar
Lair:7:   lab_entry_generic, minivault_24, hangedman_lair_generics_rect,
          grunt_megastairs_3
Lair:8:   evilmike_catoblepas_cave, columned_hall_lemuel
Swamp:1:  portal_ice_cave_entry_imps, serial_swamp_ruin,
          evilmike_swamp_ruin_house_2, evilmike_swamp_ruin_house_5
Swamp:2:  evilmike_swamp_ruin_rubble_2, swamp_pool3, uniq_jorgrun
Swamp:3:  hangedman_swamp_blocks
Swamp:4:  swamp_alternative, uniq_nikola
Snake:1:  serial_bayou_shore_a, grunt_megastairs_4, serial_bayou_shore_b
Snake:2:  nicolae_snake_hallway, st_stairs_10
Snake:3:  uniq_aizul
Snake:4:  snake_pit_salamanders_mu, serial_shops, shop, uniq_saint_roka
Orc:1:    serial_shops, shop, trog_butcher_becter
Orc:2:    grunt_orc_tribal_feast, uniq_rupert
Elf:1:    hangedman_corner_corridor, eino_tiny_chamber, item_on_display_b
Elf:2:    serial_shops, shop
Elf:3:    minmay_elf_hall_quartered_circle, serial_shops, bzr_entry_dummy
Lab:      labyrinth_watery, nicolae_lab_diamond, labyrinth_skeletal_remains,
          nicolae_lab_grate, lab_fountain, nicolae_lab_statue, nicolae_lab_lava,
          nicolae_lab_checkerboard, labyrinth_fake_exit, labyrinth_glass_1
Bazaar:   bazaar_kb_twisted_cavern
Sewer:    sewer_co_15_rooms
IceCv:    ice_cave_caverns_03

Skill      XL: |  1  2  3  4  5  6  7  8  9 10 11 12 13 14 15 16 17 18 19 |
---------------+----------------------------------------------------------+-----
Axes           | 4 5 6 7 8 9 11 12 13 14 15 16 17 18 19 20 21 | 21.8
Fighting       | 4 6 8 10 12 13 14 16 17 18 19 | 19.8
Armour         | 2 5 7 9 11 12 14 15 16 17 18 19 | 19.0
Invocations    | 2 4 6 8 9 11 12 13 14 15 16 | 16.6
Dodging        | 6 8 10 | 10.2
Throwing       | |  2.0

Action                   |  1- 3 |  4- 6 |  7- 9 | 10-12 | 13-15 | 16-18 | 19-21 || total
-------------------------+-------+-------+-------+-------+-------+-------+-------++-------
Melee: War axe           |    71 |   198 |   219 |       |       |       |       ||   488
       Executioner's axe |       |       |    79 |   212 |       |   997 |   311 ||  1599
       Battleaxe         |       |       |       |   307 |   825 |    40 |       ||  1172
       Hand axe          |       |       |       |    15 |    54 |    76 |       ||   145
Throw: Throwing net      |       |     1 |     3 |       |       |       |       ||     4
  Use: Scroll            |       |     9 |     8 |     3 |    14 |       |     5 ||    39
       Potion            |       |     5 |     2 |       |     1 |       |     4 ||    12
 Stab: Invisible         |       |       |     4 |       |       |       |       ||     4
       Petrifying        |       |       |       |       |     1 |       |       ||     1
  Eat: Chunk             |       |     3 |    15 |    28 |    30 |    26 |     9 ||   111
       Bread ration      |       |     1 |       |       |       |       |       ||     1
       Fruit             |       |       |     4 |       |       |       |       ||     4
       Royal jelly       |       |       |       |       |       |     1 |       ||     1
